 Dungeon Crawl Stone Soup version 0.30.1-11-g7821555f0a (webtiles) character file.

Game seed: 11678231437379929439

60 cdecastro the Cudgeller (level 3, 0/30 (31) HPs)
             Began as an Armataur Warper on Dec 21, 2023.
             Slain by Robin
             ... wielding a +0 whip
              (4 damage)
             ... on level 1 of the Dungeon.
             The game lasted 00:03:50 (1121 turns).

cdecastro the Cudgeller (Armataur Warper)           Turns: 1121, Time: 00:03:50

HP:   0/30 (31)     AC:  4    Str: 18    XL:     3   Next: 82%
MP:   14/14         EV:  9    Int: 13    God:
Gold: 46            SH:  0    Dex:  9    Spells: 5/5 levels left

rFire   . . .        a - +0 mace
rCold   . . .        (no shield)
rNeg    . . .        b - +0 leather armour
rPois   .            (no helmet)
rElec   .            (no cloak)
rCorr   .            (no gloves)
SInv    .            (no barding)
Will    .....        (no amulet)
Stlth   +            f - ring of magical power
HPRegen 0.25/turn    (no ring)
MPRegen 0.14/turn

%: roll
@: lightly drained
A: large, rugged brown scales 3, deformed body, armoured tail, roll, long
tongue, awkward tongue
a: no special abilities


You were on level 1 of the Dungeon.
You visited 1 branch of the dungeon, and saw 3 of its levels.

You collected 46 gold pieces.

Inventory:

Hand Weapons
 a - a +0 mace (weapon)
Missiles
 d - 7 boomerangs of dispersal (quivered)
 e - 4 poisoned darts
 i - 4 javelins
Armour
 b - a +0 leather armour (worn)
Jewellery
 f - a ring of magical power (left hand)
Scrolls
 g - a scroll of amnesia {unknown}
 h - 2 scrolls of identify {unknown}
 j - a scroll of teleportation {unknown}


   Skills:
 - Level 1.7 Fighting
 + Level 3.8 Maces & Flails
 - Level 0.8 Throwing
 - Level 1.2 Armour
 - Level 1.3 Dodging
 - Level 1.7 Spellcasting
 - Level 3.0 Translocations


You had 5 spell levels left.
You didn't know any spells.
Your spell library contained the following spells:

 Spells                   Type           Power      Damage    Failure   Level
 Blink                    Tloc           16%        N/A       14%         2
 Lesser Beckoning         Tloc           16%        N/A       14%         2
 Momentum Strike          Conj/Tloc      10%        3d8       26%         2
 Teleport Other           Tloc           8%         N/A       26%         3
 Ensorcelled Hibernation  Hex/Ice        2%         N/A       43%         2
 Vhi's Electric Charge    Tloc/Air       10%        N/A       45%         3
 Manifold Assault         Tloc           8%         N/A       65%         4
 Spider Form              Tmut/Pois      1%         N/A       67%         3
 Anguish                  Hex/Necr       0%         N/A       97%         4


Dungeon Overview and Level Annotations

Branches:
Dungeon (3/15)

Altars:

Annotations:
D:1 Robin


Innate Abilities, Weirdness & Mutations

You are completely covered in rugged brown scales. (AC +3, +7% HP)
Armour fits poorly on your strangely shaped body.
You have a long armoured tail.
You roll when moving toward enemies. (Rampage)
Your long tongue fully drains potion bottles. (2x potion effects)
Your tongue gives you trouble enunciating. (1.5x scroll delay)


Message History

Press: ? - help, Shift-Dir - straight line, f - Robin, p - adder
Aim: Robin, wielding a +0 whip, wearing a +0 animal skin and wearing a +2 helmet of intelligence (61% to hit)
You throw a poisoned dart. The poisoned dart hits Robin.
Robin is poisoned.
You feel sick.
Unknown command.
Unknown command.
Unknown command.
Throw: 6 javelins
Press: ? - help, Shift-Dir - straight line, f/p - Robin
Aim: Robin, wielding a +0 whip, wearing a +0 animal skin and wearing a +2 helmet of intelligence (poisoned, 61% to hit)
You throw a javelin. The javelin pierces through the adder.
The adder is almost dead.
The javelin closely misses Robin.
You feel sick.
You are no longer poisoned.
You kill the adder!
Unknown command.
Unknown command.
Throw: 5 javelins
Press: ? - help, Shift-Dir - straight line, f/p - Robin
Aim: Robin, wielding a +0 whip, wearing a +0 animal skin and wearing a +2 helmet of intelligence (poisoned, 61% to hit)
You throw a javelin. The javelin pierces through Robin!
Robin is heavily wounded.
Unknown command.
Unknown command.
Unknown command.
You hit Robin.
Robin is heavily wounded.
Robin barely misses you. Robin hits you with a +0 whip.
* * * LOW HITPOINT WARNING * * *
You barely miss Robin.
Robin is heavily wounded.
Robin closely misses you.
You closely miss Robin.
Robin is heavily wounded.
Robin closely misses you.
You closely miss Robin.
Robin is severely wounded.
Robin looks more healthy.
Robin hits you with a +0 whip.
You die...

..#####.#####.###.#.##.#....#
...............)>)#....####.#
........########..###### #.#
..#######.....##(.#...# #.#
..+.....#.....+..(#.#.#####.#
..#...........##†##.#.....#.#
..+...........##(##.#####.#.#
###.....).....##g##.#####.#.#
#####.#.....##@##.##....#.#
#.....#.....#..#.####.#
#####.#.#.#.#....#.##.#
#.#.......#..#....#
#.#.....#.#[.#.####
#.#...#...#....#
#...#.#.####.###
########..##.#.# #.#
#......#.###.#.####.#


You could see Robin.

Vanquished Creatures
  2 adders (D:1)
  A worm (D:1)
  A dart slug (D:3)
  3 bats (D:1)
  5 endoplasms
  7 goblins (D:1)
  5 hobgoblins
  A quokka (D:1)
  4 ball pythons (D:1)
  3 frilled lizards (D:1)
  2 kobolds (D:1)
  2 rats
36 creatures vanquished.

Notes
Turn   | Place    | Note
-------+----------+-------------------------------------------
     0 | D:1      | cdecastro the Armataur Warper began the quest for the Orb.
     0 | D:1      | Reached XP level 1. HP: 18/18 MP: 3/3
   113 | D:1      | Reached XP level 2. HP: 25/25 MP: 4/4
   720 | D:1      | Reached XP level 3. HP: 17/29 MP: 5/5
   805 | D:2      | You fall into a shaft and drop 1 floor!
   920 | D:2      | Noticed Robin
  1121 | D:1      | Slain by Robin

Illustrated notes

Levels and vault maps discovered:
D:1:      amcnicky_arrival_double_pillar, layout_basic
D:2:      layout_basic, serial_bayou, serial_bayou_pond_d, serial_bayou_pond_c,
          serial_bayou_pond_b, serial_bayou_pond_b, serial_bayou_crossing,
          serial_shops, shop, uniq_robin
D:3:      layout_rooms

Skill      XL: |  1  2 |
---------------+-------+-----
Maces & Flails | 2 3 |  3.8
Fighting       | |  1.7
Throwing       | |  0.8
Armour         | |  1.2
Dodging        | |  1.3
Spellcasting   | |  1.7
Translocations | |  3.0

Action                     || total
---------------------------++-------
  Melee: Mace              ||    97
         Tailslap          ||     9
  Throw: Dart              ||     2
         Javelin           ||     2
    Use: Potion            ||     1
         Scroll            ||     1
 Armour: Leather armour    ||    49
  Dodge: Dodged            ||    68
